 Dungeon Crawl Stone Soup version 0.29.1-12-g30fa7ad0bf (webtiles) character file.

Game seed: 11876280058892914837

3346 hawla the Thaumaturge (level 10, -11/74 HPs)
             Began as a Meteoran Ice Elementalist on Dec 12, 2022.
             Was a Follower of Vehumet.
             Mangled by an orc warrior
             ... wielding a +0 war axe
              (21 damage)
             ... on level 11 of the Dungeon.
             The game lasted 00:15:31 (2712 turns).

hawla the Thaumaturge (Meteoran Ice Elementalist)   Turns: 2712, Time: 00:15:32

Health: -11/74     AC:  5    Str: 10    XL:     10   Next: 46%
Magic:  15/24      EV: 14    Int: 23    God:    Vehumet [*.....]
Gold:   168        SH:  0    Dex: 18    Spells: 17/28 levels left

rFire   . . .      SeeInvis .   k - +10 mace of Immorality {distort, Will+ Int+2 Dex+3}
rCold   . . .      Faith    .   (no shield)
rNeg    . . .      Spirit   .   a - +1 robe
rPois   .          Reflect  .   f - +0 helmet
rElec   .          Harm     .   (no cloak)
rCorr   .          Rampage  .   q - +0 pair of gloves
Will    ++...                   (no boots)
Stlth   +.........              c - amulet of the acrobat
HPRegen 0.22/turn               (no ring)
MPRegen 0.19/turn               (no ring)

@: about to teleport, freezing walls, glowing
A: sense surroundings 2, otherworldly, glowing, explore regen
a: Renounce Religion


You were on level 11 of the Dungeon.
You worshipped Vehumet.
Vehumet was aware of your devotion.
You visited 2 branches of the dungeon, and saw 10 of its levels.

You collected 228 gold pieces.
You spent 60 gold pieces at shops.

Inventory:

Hand Weapons
 k - the +10 mace of Immorality (weapon) {distort, Will+ Int+2 Dex+3}
   (You found it on level 5 of the Dungeon)

   It warps and distorts space around it, and may blink, banish, or inflict
   extra damage upon those it strikes.
   Unwielding it can cause banishment or high damage.
   Int:       It affects your intelligence (+2).
   Dex:       It affects your dexterity (+3).
   Will:      It increases your willpower.
Armour
 a - a +1 robe (worn)
 f - a +0 helmet (worn)
 q - a +0 pair of gloves (worn)
Jewellery
 c - an amulet of the acrobat (around neck)
 i - a +4 ring of protection
 n - a ring of fire
Wands
 g - a wand of polymorph (10) (quivered)
Scrolls
 e - a scroll of enchant armour
 j - a scroll of brand weapon
 l - 2 scrolls of fear {unknown}
 m - 3 scrolls of teleportation
 o - a scroll of amnesia {unknown}
 r - a scroll of magic mapping {unknown}
 s - a scroll of fog {unknown}
 t - a scroll of identify
Potions
 b - a potion of magic
 d - 2 potions of might
 p - 2 potions of lignification {unknown}


   Skills:
 + Level 2.3 Fighting
 + Level 4.3(4.4) Maces & Flails
 - Level 0.5(2.5) Staves
 + Level 4.5 Dodging
 - Level 1.4 Stealth
 + Level 9.8 Spellcasting
 + Level 7.3 Conjurations
 + Level 9.3 Ice Magic
 + Level 0.8 Earth Magic
 + Level 2.0 Evocations


You had 17 spell levels left.
You knew the following spells:

 Your Spells              Type           Power      Damage    Failure   Level
a - Freeze                Ice            100%       1d11      1%          1
b - Frozen Ramparts       Ice            100%       1d16      1%          3
c - Hailstorm             Conj/Ice       49%        3d11      1%          4
d - Stone Arrow           Conj/Erth      60%        3d10      3%          3

Your spell library contained the following spells:

 Spells                   Type           Power      Damage    Failure   Level
 Shock                    Conj/Air       100%       1d9       1%          1
 Ensorcelled Hibernation  Hex/Ice        64%        N/A       1%          2
 Ozocubu's Armour         Ice            53%        N/A       1%          3
 Sandblast                Erth           30%        2d9       4%          1
 Passwall                 Tmut/Erth      10%        N/A       8%          2
 Inner Flame              Hex/Fire       11%        N/A       17%         3
 Swiftness                Air            11%        N/A       17%         3
 Cause Fear               Hex            5%         N/A       50%         4
 Discord                  Hex            5%         N/A       100%        8


Dungeon Overview and Level Annotations

Branches:
Dungeon (8/15) Zot: 2689   Temple (1/1) D:6 Zot: 563     Orc (0/2) D:11
   Lair: D:8-11

Altars:
Kikubaaqudgha
Qazlal
Ru
Trog
Uskayaw
Vehumet
Xom
Zin
Lugonu

Shops:
D:4 ?

Annotations:
D:2 Jessica


Innate Abilities, Weirdness & Mutations

You passively map the area around you.
You are easily found by Zot.
You glow in the dark.
You regain HP and MP as you explore.


Message History

The wall freezes the orc!
You kill the orc!
Vehumet accepts your kill.
The wall freezes the orc wizard.
The orc wizard hits you but does no damage.
The orc warrior hits you with a +0 war axe!
The orc priest mumbles some strange prayers to Beogh against you.
Beogh smites you!
* * * LOW HITPOINT WARNING * * *
The wall freezes the orc!
You kill the orc!
Vehumet accepts your kill.
You hear a shout!
You feel better. The orc warrior misses you.
The wall freezes the orc wizard!
You kill the orc wizard!
Vehumet accepts your kill.
Unknown command.
Casting: Hailstorm (dangerous; 1% risk of failure)
Confirm with . or Enter, or press ? or * to list all spells.
Aiming: Stone Arrow (dangerous; 3% risk of failure)
Press: ? - help, Shift-Dir - straight line, f - orc warrior
Aim: an orc warrior, wielding a +0 war axe and wearing a +0 plate armour (74% to hit)
The stone arrow hits the orc warrior!
The orc warrior is heavily wounded.
The wall freezes the orc warrior!
The orc warrior hits you with a +0 war axe.
* * * LOW HITPOINT WARNING * * *
As you read the scroll of teleportation, it crumbles to dust.
You feel strangely unstable.
The orc warrior hits you with a +0 war axe!
* * * LOW HITPOINT WARNING * * *
The wall freezes the orc warrior.
The orc warrior hits you from afar with a +0 halberd.
* * * LOW HITPOINT WARNING * * *
Okay, then.
You closely miss the orc warrior.
The orc warrior is heavily wounded.
The wall freezes the orc warrior!
The orc warrior closely misses you.
The orc warrior hits you with a +0 war axe!!
You die...

* * ## ###
##.###8##** *
, .#...#^..#,
, .........#
....o.)..+ >~
,
,..9.oo)o)#,,
* #)@.# * *
##8## * **
### * * * , ,
,, , , , ** *
* ,


You could see 2 orc warriors, a gargoyle, an orc priest and an orc wizard.

Vanquished Creatures
  3 kobold demonologists (D:11)
  A komodo dragon (D:11)
  A troll (D:11)
  4 orc warriors
  3 ogres
  3 bullfrogs (D:8)
  A necrophage (D:4)
  A gnoll sergeant (D:8)
  4 scorpions
  5 wights (D:8)
  A jelly (D:4)
  8 orc priests
  3 iguanas
  6 orc wizards
  4 gnolls (D:8)
  7 adders
  A white imp (D:5)
  A dart slug (D:5)
  43 orcs
  9 ball pythons
  An endoplasm (D:2)
  2 giant cockroaches
  2 goblins
  2 hobgoblins
  2 kobolds (D:3)
  A frilled lizard (D:2)
  A rat (D:2)
120 creatures vanquished.

Vanquished Creatures (others)
  2 demonic plants (D:11)
  A fungus (D:3)
  2 plants (D:3)
5 creatures vanquished.

Grand Total: 125 creatures vanquished

Notes
Turn   | Place    | Note
-------+----------+-------------------------------------------
     0 | D:1      | hawla the Meteoran Ice Elementalist began the quest for the
                  | Orb.
     0 | D:1      | Reached XP level 1. HP: 14/14 MP: 5/5
    40 | D:2      | Reached XP level 2. HP: 20/20 MP: 0/6
    76 | D:2      | Reached skill level 5 in Ice Magic
    79 | D:2      | Noticed Jessica
   100 | D:3      | Reached XP level 3. HP: 23/26 MP: 6/8
   248 | D:4      | Reached XP level 4. HP: 31/33 MP: 5/9
   261 | D:4      | Learned a level 3 spell: Frozen Ramparts
   291 | D:4      | Reached XP level 5. HP: 38/38 MP: 5/12
   479 | D:4      | Reached XP level 6. HP: 46/46 MP: 9/14
   512 | D:4      | Reached skill level 5 in Spellcasting
   566 | D:4      | Found Qiomamy's Magic Scroll Emporium.
   572 | D:4      | Bought a scroll of teleportation for 36 gold pieces
   572 | D:4      | Bought a scroll of identify for 24 gold pieces
   746 | D:4      | Noticed an ogre
   753 | D:4      | Killed an ogre
   754 | D:4      | Reached XP level 7. HP: 51/51 MP: 10/16
   763 | D:4      | Learned a level 4 spell: Hailstorm
  1279 | D:5      | Entered Level 5 of the Dungeon
  1332 | D:5      | Identified the +9 lajatang "Feorgheh" {drain, Fragile rF++
                  | Will++}
  1500 | D:5      | Reached skill level 5 in Conjurations
  1500 | D:5      | Reached XP level 8. HP: 56/58 MP: 10/17
  1693 | D:5      | Identified the +10 mace of Immorality {distort, Will+ Int+2
                  | Dex+3}
  2160 | D:6      | Gained mutation: You passively map the area around you.
                  | [Meteoran growth]
  2160 | D:6      | Reached XP level 9. HP: 63/63 MP: 20/20
  2230 | D:6      | Found a staircase to the Ecumenical Temple.
  2239 | Temple   | Entered the Ecumenical Temple
  2266 | Temple   | Became a worshipper of Vehumet
  2406 | D:8      | Learned a level 3 spell: Stone Arrow
  2420 | D:8      | Reached skill level 1 in Evocations
  2508 | D:8      | Reached skill level 1 in Fighting
  2592 | D:8      | Reached skill level 1 in Maces & Flails
  2600 | D:8      | Reached * piety under Vehumet
  2600 | D:8      | Offered knowledge of Shock by Vehumet.
  2630 | D:8      | You fall into a shaft and drop 3 floors!
  2657 | D:11     | Noticed a troll
  2660 | D:11     | Killed a troll
  2660 | D:11     | Noticed a komodo dragon
  2663 | D:11     | Noticed a kobold demonologist
  2666 | D:11     | Noticed a kobold demonologist
  2667 | D:11     | Killed a komodo dragon
  2668 | D:11     | Reached XP level 10. HP: 73/73 MP: 13/23
  2669 | D:11     | Killed a kobold demonologist
  2683 | D:11     | Killed a kobold demonologist
  2689 | D:11     | Noticed a kobold demonologist
  2695 | D:11     | Killed a kobold demonologist
  2696 | D:11     | Found a corrupted altar of Lugonu.
  2702 | D:11     | Noticed a cyclops
  2707 | D:11     | Noticed a gargoyle
  2712 | D:11     | Mangled by an orc warrior

Illustrated notes

Levels and vault maps discovered:
D:1:      amcnicky_arrival_gap_in_the_tavern_cellar, layout_loops_ring
D:2:      layout_basic, uniq_jessica
D:3:      layout_basic, nemelex_dance_club_becter,
          worldfamousw_hep_ancestral_shrine, mainiacjoe_overflow_boulevard,
          shapermc_ecumenical_altar_acropolis
D:4:      layout_basic, serial_shops, kennysheep_little_box, saegor_snake_ambush
D:5:      layout_basic
D:6:      layout_rooms, lemuel_temple_firewalk_a, grunt_decor_resistance,
          uniq_eustachio
D:7:      lemuel_ratsnest, layout_rooms, grunt_temple_overflow_cloverleaf,
          nicolae_ashenzari_skybound, mainiacjoe_overflow_paths, serial_shops,
          nicolae_shop_trees, shop, nicolae_shop_crystal,
          nicolae_shop_bloodbath_and_beyond, minivault_26,
          amcnicky_altar_lugonu_corruption
D:8:      layout_basic, elyvilon_altar_3, uniq_psyche
D:11:     kennysheep_kobold_lugonu_temple, layout_rooms, david_orc_4,
          hangedman_incinerator
Temple:   hellmonk_temple_two_chambers

Skill      XL: |  1  2  3  4  5  6  7  8  9 10 |
---------------+-------------------------------+-----
Ice Magic      | 5 6 7 8 9 |  9.3
Spellcasting   | 3 4 5 6 8 9 |  9.8
Dodging        | 3 4 |  4.5
Conjurations   | 5 6 7 |  7.3
Evocations     | 2 |  2.0
Fighting       | 1 2 |  2.3
Maces & Flails | 3 4 |  4.3
Staves         | |  0.5
Stealth        | |  1.4
Earth Magic    | |  0.8

Action                   |  1- 3 |  4- 6 |  7- 9 | 10-12 || total
-------------------------+-------+-------+-------+-------++-------
Melee: Unarmed           |     8 |       |     6 |       ||    14
       Lajatang          |       |       |     3 |       ||     3
       Mace              |       |       |    24 |     2 ||    26
 Cast: Freeze            |    27 |    25 |    30 |       ||    82
       Frozen Ramparts   |       |     9 |    21 |     3 ||    33
       Hailstorm         |       |       |    24 |     3 ||    27
       Stone Arrow       |       |       |       |     6 ||     6
  Use: Scroll            |       |       |     6 |     2 ||     8
       Potion            |       |       |     1 |     1 ||     2
Armor: Robe              |    10 |     3 |     7 |     5 ||    25
Dodge: Dodged            |    24 |     9 |    36 |    24 ||    93
